 Dungeon Crawl Stone Soup version 0.28-a0-631-g0446da8ef9 (webtiles) character file.

Game seed: 7657238882730263696

16958 timneilson the Thaumaturge (level 12, -29/66 HPs)
             Began as a Deep Elf Conjurer on Oct 2, 2021.
             Was an Elder of Vehumet.
             Annihilated by a boulder beetle (39 damage)
             ... on level 11 of the Dungeon on Oct 9, 2021.
             The game lasted 01:00:03 (15044 turns).

timneilson the Thaumaturge (Deep Elf Conjurer)     Turns: 15044, Time: 01:00:03

Health: -29/66     AC:  9    Str:  4    XL:     12   Next: 14%
Magic:  9/37       EV: 13    Int: 29    God:    Vehumet [****..]
Gold:   504        SH:  6    Dex: 13    Spells: 4/32 levels left

rFire   + . .      SeeInvis .   l - staff of conjuration
rCold   . . .      Faith    .   a - +2 buckler
rNeg    . . .      Spirit   .   q - +3 leather armour {rF+}
rPois   .          Reflect  .   (no helmet)
rElec   .          Harm     .   g - +1 cloak
rCorr   +          Rampage  .   (no gloves)
Will    +....                   c - +0 pair of boots
Stlth   +++.......              (no amulet)
HPRegen 0.21/turn               f - ring of resist corrosion
MPRegen 0.25/turn               y - ring of magical power

@: no status effects
A: no striking features
a: Renounce Religion


You were on level 11 of the Dungeon.
You worshipped Vehumet.
Vehumet was greatly pleased with you.
You visited 2 branches of the dungeon, and saw 12 of its levels.

You collected 504 gold pieces.

Inventory:

Hand Weapons
 h - a +4 vorpal hand axe
Armour
 a - a +2 buckler (worn)
 c - a +0 pair of boots (worn)
 g - a +1 cloak (worn)
 m - +0 ice dragon scales
 q - a +3 leather armour of fire resistance (worn)
 w - +0 steam dragon scales
Magical Staves
 k - a staff of death
 l - a staff of conjuration (weapon)
Jewellery
 f - a ring of resist corrosion (left hand)
 p - a +6 ring of dexterity
 y - a ring of magical power (right hand)
Wands
 i - a wand of flame (43)
 o - a wand of polymorph (21)
 u - a wand of iceblast (3)
 B - a wand of acid (5)
Scrolls
 e - 3 scrolls of enchant weapon
 z - 2 scrolls of teleportation
 A - 3 scrolls of magic mapping
Potions
 b - a potion of degeneration
 d - 2 potions of magic
 j - a potion of ambrosia
 n - a potion of curing
 r - a potion of cancellation
 s - a potion of brilliance
 t - a potion of might
 v - a potion of berserk rage
 x - a potion of haste {unknown}
 C - a potion of heal wounds {unknown}
 D - a potion of flight {unknown}


   Skills:
 + Level 4.3 Fighting
 + Level 3.0 Armour
 + Level 7.2 Dodging
 + Level 6.5 Stealth
 + Level 1.8 Shields
 * Level 10.7 Spellcasting
 * Level 9.8 Conjurations
 - Level 5.0 Hexes
 + Level 3.0 Necromancy
 - Level 5.0 Translocations
 - Level 5.0 Transmutations
 + Level 4.9 Fire Magic
 + Level 2.7 Ice Magic
 + Level 4.1 Air Magic
 + Level 3.7 Earth Magic
 + Level 4.8 Poison Magic
 + Level 5.1 Evocations


You had 4 spell levels left.
You knew the following spells:

 Your Spells              Type           Power      Damage    Failure   Level
a - Magic Dart            Conj           100%       1d8       1%          1
b - Searing Ray           Conj           100%       2d8       1%          2
c - Fulminant Prism       Conj/Hex       36%        3d18      1%          4
d - Iskenderun's Mystic   Conj/Tloc      73%        2d15      1%          4
e - Ignite Poison         Fire/Tmut/Pois 44%        N/A       1%          3
f - Mephitic Cloud        Conj/Pois/Air  67%        N/A       1%          3
g - Sandblast             Erth           74%        2d16      1%          1
h - Freezing Cloud        Conj/Ice/Air   32%        6-21      6%          5
i - Poisonous Vapours     Pois/Air       82%        N/A       1%          2
j - Frozen Ramparts       Ice            62%        1d8       2%          3

Your spell library contained the following spells:

 Spells                   Type           Power      Damage    Failure   Level
 Inner Flame              Hex/Fire       44%        N/A       1%          3
 Wereblood                Tmut           44%        N/A       1%          2
 Conjure Flame            Conj/Fire      73%        6-21      1%          3
 Dazzling Flash           Conj/Hex       100%       N/A       1%          3
 Sticky Flame             Conj/Fire      73%        2d9       1%          4
 Animate Skeleton         Necr           66%        N/A       2%          1
 Pain                     Necr           100%       1d9       2%          1
 Sublimation of Blood     Necr           16%        N/A       3%          2
 Vampiric Draining        Necr           16%        2d8       7%          3
 Summon Hydra             Summ           7%         N/A       100%        7


Dungeon Overview and Level Annotations

Branches:
Dungeon (11/15)            Temple (1/1) D:5            Lair (0/6) D:11
    Orc: D:9-12

Altars:
Ashenzari
Cheibriados
Elyvilon
Fedhas
Gozag
Hepliaklqana
Kikubaaqudgha
Makhleb
Nemelex Xobeh
Okawaru
Ru
Sif Muna
Trog
Vehumet
Wu Jian
Xom
Yredelemnul

Shops:
D:3 [[[   D:4 *([

Portals:
Abyss: D:5

Annotations:
D:5 2 transporters, AlleluiaPinecone's ghost, novice VSBr


Message History

Casting: Searing Ray (safe; 1% risk of failure)
Confirm with . or Enter, or press ? or * to list all spells.
You feel a surge of power!
You erupt in a blast of force!
The mystic blast hits the gargoyle!!
The gargoyle is severely damaged.
The gargoyle is knocked back by the mystic blast.
Casting: Iskenderun's Mystic Blast (dangerous; 1% risk of failure)
Confirm with . or Enter, or press ? or * to list all spells.
You don't know that spell.
Casting: Iskenderun's Mystic Blast (dangerous; 1% risk of failure)
Confirm with . or Enter, or press ? or * to list all spells.
Aiming: Freezing Cloud (dangerous; 6% risk of failure)
Press: ? - help, Dir - move target, f - gargoyle
Aim: a gargoyle, wielding a +0 mace (severely damaged)
You feel a surge of power!
The gargoyle is engulfed in freezing vapours.
You destroy the gargoyle!
Vehumet accepts your kill.
A boulder beetle comes into view.
Your Armour skill increases to level 3!
Casting: Freezing Cloud (dangerous; 6% risk of failure)
Confirm with . or Enter, or press ? or * to list all spells.
Aiming: Freezing Cloud (dangerous; 6% risk of failure)
Press: ? - help, Dir - move target, f - boulder beetle
Aim: a boulder beetle (wandering, hasn't noticed you)
You feel a surge of power! That beam is likely to hit you.
Continue anyway?
You are engulfed in freezing vapours.
* * * LOW HITPOINT WARNING * * *
The boulder beetle is engulfed in freezing vapours.
Unknown command.
The boulder beetle is engulfed in freezing vapours.
The boulder beetle is engulfed in freezing vapours.
The boulder beetle curls into a ball and begins rolling!
The electric eel shoots out a bolt of lightning at you!
The bolt of electricity hits you!
* * * LOW HITPOINT WARNING * * *
The boulder beetle hits you!!!
Ouch! That really hurt!
You die...

≈5.≈... ≈..≈..≈
..≈..S≈ ### ..≈..≈.
#.# ...≈S..##.##
.......#§..##
..§§§§§§§...#
..)....#B..##
##.###.##@##
.###.##.####..#
..............#
####.##.####.## ### #.
#.# #.## #. #.# ...#
#.# ...#############.#
#########
...#.............#####
#.......#


You could see a boulder beetle (rolling) and an electric eel.

Vanquished Creatures
  Erica (D:8)
  5 death yaks (D:11)
  Urug (D:11)
  Pikel (D:6)
  A cyclops (D:11)
  A gargoyle (D:11)
  3 centaur zombies
  Maggie (D:8)
  A kobold demonologist (D:11)
  A troll (D:11)
  Prince Ribbit (D:6)
  A shadow (D:10)
  Sigmund (D:5)
  4 wyverns
  24 yaks
  Eustachio (D:6)
  2 steam dragons
  Menkaure (D:7)
  Edmund (D:6)
  3 acid dragons
  Duvessa (D:7)
  A water moccasin (D:9)
  8 orc warriors
  2 ice beasts
  A black bear (D:7)
  A necrophage (D:5)
  3 ogres
  2 centaurs (D:9)
  A lemure (D:6)
  A phantom (D:6)
  3 kobold brigands
  3 bullfrogs (D:8)
  A gnoll sergeant (D:9)
  A scorpion (D:6)
  A water moccasin skeleton (D:5)
  Dowan (D:7)
  18 wights
  11 killer bees (D:9)
  7 howler monkeys
  2 bullfrog zombies
  6 jellies
  7 orc priests
  2 centaur skeletons (D:7)
  A gnoll shaman (D:8)
  Terence (D:2)
  3 iguanas
  13 orc wizards
  A scorpion zombie (D:5)
  A howler monkey zombie (D:5)
  14 gnolls
  13 adders
  A shadow imp (D:8)
  2 white imps (D:8)
  3 worms
  37 orcs
  7 ball pythons
  6 bats
  9 endoplasms
  7 giant cockroaches
  4 goblins
  6 hobgoblins
  6 jackals
  5 quokkas
  3 frilled lizards (D:1)
  20 kobolds
  7 rats
309 creatures vanquished.

Vanquished Creatures (others)
  7 fulminant prisms
  6 plants (D:2)
13 creatures vanquished.

Grand Total: 322 creatures vanquished

Notes
Turn   | Place    | Note
-------+----------+-------------------------------------------
     0 | D:1      | timneilson the Deep Elf Conjurer began the quest for the
                  | Orb.
     0 | D:1      | Reached XP level 1. HP: 10/10 MP: 6/6
   217 | D:1      | Reached XP level 2. HP: 15/15 MP: 1/8
   220 | D:1      | Learned a level 2 spell: Searing Ray
   828 | D:1      | Reached XP level 3. HP: 20/20 MP: 8/10
  1253 | D:2      | Reached skill level 4 in Spellcasting
  1253 | D:2      | Reached skill level 5 in Conjurations
  1324 | D:2      | Found a burning altar of Makhleb.
  1326 | D:2      | Noticed Terence
  1332 | D:2      | Killed Terence
  1333 | D:2      | Reached skill level 1 in Fighting
  1333 | D:2      | Reached XP level 4. HP: 20/25 MP: 2/12
  1595 | D:2      | Found a faded altar of an unknown god.
  2307 | D:3      | Learned a level 4 spell: Fulminant Prism
  2312 | D:3      | Learned a level 4 spell: Iskenderun's Mystic Blast
  2388 | D:3      | Found Touwasoos's Armour Boutique.
  2399 | D:3      | Found an iron altar of Okawaru.
  2535 | D:3      | Found Ymaov's Antique Armour Emporium.
  2565 | D:3      | Found Miosuah's Antique Armour Boutique.
  2677 | D:3      | Reached XP level 5. HP: 29/29 MP: 7/13
  3117 | D:3      | Reached skill level 1 in Hexes
  3590 | D:4      | Reached XP level 6. HP: 34/34 MP: 12/15
  3666 | D:4      | Reached skill level 5 in Spellcasting
  3752 | D:4      | Found Ezatorits's Armour Emporium.
  3915 | D:4      | Reached skill level 1 in Translocations
  3915 | D:4      | Reached skill level 1 in Evocations
  4443 | D:4      | Found Koischo Xoel's Weapon Shop.
  4529 | D:4      | Found a snail-covered altar of Cheibriados.
  4577 | D:4      | Found Wosixzid's Mass Market.
  4608 | D:4      | Identified a scroll of acquirement
  4608 | D:4      | Acquired a Trismegistus Codex
  4615 | D:4      | Learned a level 3 spell: Ignite Poison
  4629 | D:5      | Entered Level 5 of the Dungeon
  4730 | D:5      | Found a transporter.
  4730 | D:5      | Found a one-way gate to the infinite horrors of the Abyss.
  4730 | D:5      | Noticed an ancient zyme
  4730 | D:5      | Noticed AlleluiaPinecone's ghost (novice VSBr)
  4737 | D:5      | Noticed a small abomination
  4779 | D:5      | Noticed an ice beast
  4781 | D:5      | Found a transporter.
  4787 | D:5      | Killed an ice beast
  4788 | D:5      | Reached XP level 7. HP: 39/39 MP: 9/17
  5113 | D:5      | Reached skill level 6 in Spellcasting
  5113 | D:5      | Reached skill level 1 in Transmutations
  5113 | D:5      | Reached skill level 1 in Fire Magic
  5113 | D:5      | Reached skill level 1 in Poison Magic
  5393 | D:5      | Reached XP level 8. HP: 44/44 MP: 14/19
  5397 | D:5      | Learned a level 3 spell: Mephitic Cloud
  5789 | D:5      | Noticed Sigmund
  5827 | D:5      | Killed Sigmund
  6286 | D:5      | Found an ancient bone altar of Kikubaaqudgha.
  6290 | D:5      | Found a sparkling altar of Nemelex Xobeh.
  6293 | D:5      | Found a shimmering altar of Xom.
  6423 | D:5      | Found a staircase to the Ecumenical Temple.
  6429 | Temple   | Entered the Ecumenical Temple
  6437 | Temple   | Became a worshipper of Vehumet
  6537 | D:6      | Noticed Pikel
  6561 | D:6      | Reached skill level 1 in Air Magic
  6631 | D:6      | Noticed Eustachio
  6655 | D:6      | Reached skill level 5 in Stealth
  6912 | D:6      | Noticed Edmund
  6920 | D:6      | Killed Edmund
  6921 | D:6      | Reached skill level 7 in Spellcasting
  7091 | D:6      | Reached XP level 9. HP: 47/49 MP: 11/21
  7227 | D:6      | Noticed Prince Ribbit
  7230 | D:6      | Killed Eustachio
  7336 | D:6      | Killed Prince Ribbit
  7337 | D:6      | Reached skill level 5 in Dodging
  7729 | D:6      | Killed Pikel
  7828 | D:6      | Reached skill level 8 in Spellcasting
  7839 | D:6      | Reached * piety under Vehumet
  7839 | D:6      | Offered knowledge of Sandblast by Vehumet.
  7843 | D:6      | Learned a level 1 spell: Sandblast
  7870 | D:6      | Reached skill level 1 in Armour
  8478 | D:7      | Noticed Duvessa
  8478 | D:7      | Noticed Dowan
  8552 | D:7      | Reached skill level 1 in Earth Magic
  8557 | D:7      | Upgraded the game from 0.28-a0-580-ga2639ab843 to
                  | 0.28-a0-589-g333b8329f1
  8828 | D:7      | Found a broken altar of Ashenzari.
  8840 | D:7      | Reached XP level 10. HP: 55/56 MP: 17/24
  9020 | D:7      | Noticed Menkaure
  9029 | D:7      | Killed Menkaure
  9197 | D:7      | Killed Dowan
  9201 | D:7      | Killed Duvessa
  9388 | D:7      | Offered knowledge of Shock by Vehumet.
  9391 | D:7      | Reached ** piety under Vehumet
  9491 | D:7      | Found a bloodstained altar of Trog.
  9614 | D:7      | Upgraded the game from 0.28-a0-589-g333b8329f1 to
                  | 0.28-a0-595-g9f6c0e134a
  9660 | D:8      | Noticed Maggie
  9666 | D:8      | Killed Maggie
  9667 | D:8      | Reached skill level 5 in Hexes
 10001 | D:8      | Noticed Erica
 10009 | D:8      | Killed Erica
 10262 | D:8      | Reached skill level 9 in Spellcasting
 10479 | D:8      | Upgraded the game from 0.28-a0-595-g9f6c0e134a to
                  | 0.28-a0-631-g0446da8ef9
 10919 | D:8      | Learned a level 5 spell: Freezing Cloud
 11464 | D:9      | Offered knowledge of Poisonous Vapours by Vehumet.
 11468 | D:9      | Learned a level 2 spell: Poisonous Vapours
 11506 | D:9      | Found a sacrificial altar of Ru.
 11615 | D:9      | Reached skill level 1 in Necromancy
 11618 | D:9      | Reached *** piety under Vehumet
 11896 | D:9      | Reached XP level 11. HP: 27/60 MP: 18/26
 12126 | D:9      | Reached skill level 1 in Ice Magic
 12205 | D:9      | Offered knowledge of Frozen Ramparts by Vehumet.
 12474 | D:10     | Entered Level 10 of the Dungeon
 14187 | D:11     | Reached **** piety under Vehumet
 14284 | D:11     | Noticed a death yak
 14304 | D:11     | Reached skill level 10 in Spellcasting
 14309 | D:11     | Learned a level 3 spell: Frozen Ramparts
 14423 | D:11     | Noticed a death yak
 14424 | D:11     | Noticed a death yak
 14429 | D:11     | Noticed a death yak
 14429 | D:11     | Noticed a death yak
 14431 | D:11     | Killed a death yak
 14432 | D:11     | Reached skill level 5 in Translocations
 14434 | D:11     | Killed a death yak
 14435 | D:11     | Reached skill level 1 in Shields
 14436 | D:11     | Noticed Urug
 14441 | D:11     | Killed a death yak
 14441 | D:11     | Offered knowledge of Inner Flame by Vehumet.
 14442 | D:11     | Reached skill level 5 in Transmutations
 14442 | D:11     | Killed a death yak
 14443 | D:11     | Killed a death yak
 14444 | D:11     | Reached skill level 5 in Evocations
 14450 | D:11     | Killed Urug
 14452 | D:11     | Found a staircase to the Lair.
 14560 | D:11     | Reached XP level 12. HP: 66/66 MP: 28/28
 15028 | D:11     | HP: 2/66 [electric eel/bolt of electricity (15)]
 15039 | D:11     | Noticed a boulder beetle
 15044 | D:11     | Annihilated by a boulder beetle

Illustrated notes

Levels and vault maps discovered:
D:1:      ebering_hopf_link, layout_rooms, minmay_misc_feat_chi,
          skrybe_limestone_x
D:2:      layout_basic, basic_altar,
          hellmonk_ecumenical_altar_pennies_from_heaven, serial_bayou_lake_a,
          uniq_terence
D:3:      layout_loops_cross, okawaru_ov_weapons_minmay, serial_shops,
          shop_fountains, nicolae_shop_crystal, shop, kennysheep_boxes
D:4:      layout_cave_pods, mainiacjoe_overflow_alcove_1, serial_shops,
          nicolae_shop_statue_plus, nicolae_shop_behind_doors, minmay_shop_mass
D:5:      layout_loops_corners, grunt_temple_overflow_diamond,
          minmay_temple_entry_fiery, gammafunk_ghost_abyssal_escape,
          kennysheep_generic_room_12, uniq_sigmund
D:6:      layout_basic, uniq_prince_ribbit1, uniq_edmund, uniq_eustachio,
          uniq_pikel
D:7:      layout_rooms, mainiacjoe_overflow_small_starburst,
          general_overflow_altar, kennysheep_generic_room_14, uniq_duvessa,
          uniq_menkaure
D:8:      layout_loops_corners, hangedman_abyss_or_decor_clamps,
          kennysheep_crisscross, minmay_increasing_density, uniq_maggie,
          uniq_erica
D:9:      layout_cave_pools, mainiacjoe_overflow_24_doors
D:10:     layout_basic
D:11:     cheibrodos_helix_gallery, layout_loops_corners, dpeg_lair_monsters,
          uniq_urug
Temple:   eino_temple_lava

Skill      XL: |  1  2  3  4  5  6  7  8  9 10 11 12 |
---------------+-------------------------------------+-----
Stealth        | 3 4 5 6 |  6.5
Spellcasting   | 4 5 6 7 8 9 10 | 10.7
Conjurations   | 5 6 7 8 9 |  9.8
Fighting       | 1 2 3 4 |  4.3
Dodging        | 3 4 5 6 7 |  7.2
Hexes          | 1 2 3 4 5 |  5.0
Translocations | 1 2 3 4 5 |  5.0
Evocations     | 1 2 3 4 5 |  5.1
Transmutations | 1 2 3 4 5 |  5.0
Fire Magic     | 1 2 3 4 |  4.9
Poison Magic   | 1 2 3 4 |  4.8
Air Magic      | 1 2 3 4 |  4.1
Armour         | 1 2 3 |  3.0
Earth Magic    | 1 2 3 |  3.7
Necromancy     | 1 2 3 |  3.0
Ice Magic      | 2 |  2.7
Shields        | 1 |  1.8

Action                   |  1- 3 |  4- 6 |  7- 9 | 10-12 || total
-------------------------+-------+-------+-------+-------++-------
 Cast: Magic Dart        |    77 |   104 |    56 |    59 ||   296
       Searing Ray       |     1 |    20 |    60 |    79 ||   160
       Mephitic Cloud    |       |       |     9 |     8 ||    17
       Ignite Poison     |       |       |     6 |     4 ||    10
       Iskenderun's Myst |       |       |     5 |    50 ||    55
       Fulminant Prism   |       |       |       |     7 ||     7
       Poisonous Vapours |       |       |       |     7 ||     7
       Frozen Ramparts   |       |       |       |     2 ||     2
       Freezing Cloud    |       |       |       |     2 ||     2
Evoke: Wand              |       |       |     2 |       ||     2
  Use: Scroll            |     2 |     4 |     2 |    13 ||    21
       Potion            |       |       |       |     5 ||     5
Armor: Robe              |     1 |     3 |     9 |       ||    13
       Leather armour    |       |       |    11 |    21 ||    32
Dodge: Dodged            |    11 |    11 |    53 |    61 ||   136
Block: Buckler           |       |       |       |     6 ||     6

Table legend: (Time is in decaauts)
 A = Elapsed time spent in this place.
 B = Non-inter-level travel time spent in this place.
 C = Inter-level travel time spent in this place.
 D = Time resting spent in this place.
 E = Time spent auto-exploring this place.
 F = Levels seen in this place.
 G = Mean time per level.
                   A        B        C        D        E       F      G
               +--------+--------+--------+--------+--------+-----+--------+
         Total |  15083 |  14638 |    445 |   1303 |  10625 |  12 | 1256.9 |
       Dungeon |  15066 |  14628 |    438 |   1303 |  10625 |  11 | 1369.6 |
        Temple |     16 |      9 |      7 |      0 |      0 |   1 |   16.0 |
               +--------+--------+--------+--------+--------+-----+--------+

Top non-repeatable levels by time:
     D:5: 2368 daAuts
    D:10: 1684 daAuts
     D:8: 1676 daAuts
     D:6: 1501 daAuts
     D:7: 1293 daAuts
     D:4: 1266 daAuts
     D:1: 1189 daAuts
     D:3: 1160 daAuts
     D:2: 1044 daAuts
     D:9: 995 daAuts
    D:11: 884 daAuts
  Temple: 16 daAuts
